 Dungeon Sprint DCSS version 0.24.0-1-gfbc8707 (webtiles) character file.

Game seed: 15132904149056343680, levelgen mode: deterministic

99234 Fang the Slayer (level 16, -7/166 HPs)
             Began as a Gargoyle Berserker on Nov 6, 2019.
             Was the Champion of Trog.
             Mangled by Gibefiaxt the pandemonium lord (13 damage)
             ... in the Dungeon (Sprint V: "Ziggurat Sprint").
             The game lasted 00:10:16 (2317 turns).

Fang the Slayer (Gargoyle Berserker)                Turns: 2317, Time: 00:10:17

Health: -7/166     AC: 49    Str: 32    XL:     16   Next: 24%
Magic:  2/34       EV: 13    Int: 12    God:    Trog [******]
Gold:   15         SH: 35    Dex:  9    Spells: 15/15 levels left

rFire    + . .     SeeInvis +   K - +6 broad axe (flame)
rCold    . . .     Gourm    +   E - +18 shield of the Gong {rElec rN+ MR+ EV-5}
rNeg     + + +     Faith    .   b - +15 Maxwell's patent armour {-Cast -Tele rElec MR+ rCorr}
rPois    ∞         Spirit   .   R - +0 helmet {Int+3}
rElec    +         Reflect  .   z - scarf {repulsion}
rCorr    +         Harm     .   V - +1 pair of gloves "Tywkogoi" {Regen+ MP+9}
MR       +++..     NoTele   +   (no boots) Stlth ..........NoCast +
                                A - amulet of Zin's Pride {Gourm MP+9 SInv}
HPRegen  0.77/turn              G - ring of Toluot {rPois rF+ rN+ SInv}
MPRegen  0.24/turn              H - +3 ring of evasion

@: berserking, weakened, flying, very slightly contaminated, studying 4 skills,
invisible, repel missiles, very quick
A: big wings, frail 1, negative energy resistance 1, electricity resistance,
unbreathing, petrification resistance, rot immunity, AC +12
a: Stop Flying, Berserk, Trog's Hand, Brothers in Arms, Renounce Religion


You were in the Dungeon.
You worshipped Trog.
Trog was exalted by your worship.
You were very full.

You visited 1 branch You collected 15 gold pieces.

Inventory:

Hand Weapons
 a - a +5 broad axe of protection
 F - a +6 broad axe of chopping
 I - a +4 broad axe of electrocution
 K - a +6 broad axe of flaming (weapon)
 S - a +4 broad axe of draining
Armour
 b - the +15 Maxwell's patent armour (worn) {-Cast -Tele rElec MR+ rCorr}
   (You found it in the Dungeon)

   It insulates you from electricity.
   It affects your resistance to hostile enchantments.
   It prevents spellcasting.
   It prevents most forms of teleportation.
   It provides partial protection from all sources of acid and corrosion.
 x - the +2 hat of Woobbaj {Dex+4}
   (You found it in the Dungeon)

   It affects your dexterity (+4).
 z - a scarf of repulsion (worn)
 E - the +18 shield of the Gong (worn) {rElec rN+ MR+ EV-5}
   (You found it in the Dungeon)

   It affects your evasion (-5).
   It insulates you from electricity.
   It protects you from negative energy.
   It affects your resistance to hostile enchantments.
 J - a scarf of cloud immunity
 R - a +0 helmet of intelligence (worn)
 V - the +1 pair of gloves "Tywkogoi" (worn) {Regen+ MP+9}
   (You found it in the Dungeon)

   It affects your magic capacity (+9).
   It increases your rate of regeneration.
Jewellery
 r - the ring "Ofimey" {rF+ Str+5 Int+2}
   (You found it in the Dungeon)

   [ring of strength]

   It affects your strength (+5).
   It affects your intelligence (+2).
   It protects you from fire.
 y - the ring "Imeph" {rElec Int+2 Dex+6}
   (You found it in the Dungeon)

   [ring of intelligence]

   It affects your intelligence (+2).
   It affects your dexterity (+6).
   It insulates you from electricity.
 A - the amulet of Zin's Pride (around neck) {Gourm MP+9 SInv}
   (You found it in the Dungeon)

   [amulet of the gourmand]

   It allows you to eat raw meat even when not hungry.
   It affects your magic capacity (+9).
   It lets you see invisible.
 C - an uncursed amulet of regeneration
 D - an uncursed ring of protection from cold
 G - the ring of Toluot (left hand) {rPois rF+ rN+ SInv}
   (You found it in the Dungeon)

   [ring of poison resistance]

   It protects you from fire.
   It protects you from poison.
   It protects you from negative energy.
   It lets you see invisible.
 H - a +3 ring of evasion (right hand)
 L - the cursed ring "Xopikk" {AC-6 Str-2 Int+2 Slay+3}
   (You found it in the Dungeon)

   [ring of protection]

   It affects your AC (-6).
   It affects your strength (-2).
   It affects your intelligence (+2).
   It affects your accuracy and damage with ranged weapons and melee attacks
   (+3).
   It has a curse placed upon it.
 O - the ring of Icvacve {*Slow rF+ Int+4 Slay+2}
   (You found it in the Dungeon)

   [ring of slaying]

   It affects your intelligence (+4).
   It affects your accuracy and damage with ranged weapons and melee attacks
   (+2).
   It protects you from fire.
   It may slow you when you take damage.
 P - an uncursed ring of protection from fire
 U - a +5 amulet of reflection
Wands
 u - a wand of disintegration (7)
 v - a wand of iceblast (7)
 w - a wand of acid (7)
 M - a wand of enslavement (5)
Scrolls
 i - 4 scrolls of blinking
 j - 8 scrolls of fog
 k - a scroll of holy word
 l - 5 scrolls of identify
 m - 5 scrolls of remove curse
 n - 2 scrolls of fear
Potions
 d - 10 potions of curing
 e - 15 potions of heal wounds
 f - 13 potions of haste
 h - 3 potions of berserk rage
 p - 3 potions of invisibility
 q - 4 potions of resistance
 s - 6 potions of agility
 t - 6 potions of might
Books
 g - a manual of Staves
 B - a manual of Bows
 N - a manual of Shields
 Q - a manual of Crossbows
 T - a manual of Bows
Comestibles
 c - 7 rations
 o - 33 chunks of flesh


   Skills:
 * Level 22.7 Fighting
 * Level 19.8 Axes
 + Level 17.8 Armour
 + Level 14.2 Dodging
 * Level 22.1 Shields


You had 15 spell levels left.
You didn't know any spells.
Your spell library was empty.

Dungeon Overview and Level Annotations

Branches:
Dungeon (1/1)

Altars:
Ashenzari
Cheibriados
Dithmenos
Elyvilon
Fedhas
Gozag
Hepliaklqana
Kikubaaqudgha
Makhleb
Nemelex Xobeh
Okawaru
Qazlal
Ru
Sif Muna
Trog
Uskayaw
Vehumet
Wu Jian
Xom
Yredelemnul
Zin
The Shining One
Beogh
Jiyva
Lugonu


Innate Abilities, Weirdness & Mutations

You are resistant to torment.
Your stone body is resilient. (AC +12)
You are immune to poison.
Your large and strong wings let you fly indefinitely.
You resist negative energy. (rN+)
You are resistant to electric shocks. (rElec)
You can survive without breathing.
You are immune to petrification.
You are immune to rotting.
You are frail. (-10% HP)


Message History

You resist. Rocewk closely misses you. Rioss misses you.
You are too injured to fight recklessly!
You closely miss Rioss.
Rioss is moderately wounded.
You completely miss Reer Ypes. You slash Gibefiaxt! You burn Gibefiaxt!
You hit the chaos spawn. You burn the chaos spawn.
You hit Jeirog but do no damage. You slash Heishrub! You burn Heishrub.
You completely miss Mukya. You closely miss Rocewk.
The orange demon screeches!
Oretzu sneers, "Despair, thou quaking guts-griping ratsbane!"
Heishrub sneers, "Abandon hope, thou quaking guts-griping clack-dish!"
You block Heishrub's attack.
GONNNNG!
Quxes calls on the powers of darkness!
The redback convulses!
You feel a surge of unholy energy.
The shining eye convulses!
The eye of draining convulses!
You block Jeirog's attack.
GONNNNG!
Gibefiaxt hits you!
You die...

▓..}).[})
..|)))}.)))|)..▓........
..=)[5):)|")}..▓........
.....4}34......▓........
....53&G44.....▓........
...45&3&64.....▓........
....ss&&2Gr....▓..▓.....
...45&&&&62....▓.▓.▓)...
....31&@&4.....▓..▓..)))
......&&44.....▓.....)))
...▓.......▓...▓......©.
. ▓.▓.....▓.▓ .▓▓▓▓▓▓▓▓▓
...▓.......▓...▓.....8©8
...............▓...}|)..
.......©.......▓..:.)[:)
▓▓▓▓▓▓▓▓▓▓▓▓▓▓▓▓........
▓........


You could see Duyn, Gibefiaxt, Heishrub, Jeirog, Mukya, Nuphoq, Oretzu, Quxes,
Rayrudeng, Reer Ypes, Rioss, Rocewk (invisible), Zyne, a monstrous demonspawn, a
torturous black sun, an Executioner, 2 blizzard demons, a demonic crawler, a
shining eye, a sun demon, 4 orange demons, 2 hellwings, a rust devil, an eye of
draining, a neqoxec, 2 ynoxinuls, 2 chaos spawn, a red devil, a redback, a hell
rat, a crimson imp and 3 ufetubi.

Vanquished Creatures
  A pandemonium lord (D)
  Nikola (D)
  Rupert (D)
  A lich (D)
  Frances (D)
  An acid blob (D)
  Donald (D)
  2 fire giants (D)
  An azure jelly (D)
  A ghoul (D)
  2 vampire knights (D)
  A yellow draconian (D)
  A red draconian (D)
  2 black draconians (D)
  2 purple draconians (D)
  6 merfolk javelineers (D)
  A fire dragon (D)
  4 merfolk impalers (D)
  A mummy priest (D)
  5 ice dragons (D)
  3 hydras (D)
  A death scarab (D)
  2 hell hogs (D)
  2 merfolk aquamancers (D)
  A vampire mage (D)
  Urug (D)
  3 skeletal warriors (D)
  3 sea snakes (D)
  2 death drakes (D)
  2 swamp dragons (D)
  Pikel (D)
  8 necromancers (D)
  2 wolf spiders (D)
  A cyclops (D)
  3 draconians (D)
  A shining eye (D)
  A moth of wrath (D)
  Maurice (D)
  A water nymph (D)
  A torpor snail (D)
  A spiny frog (D)
  A hellion (D)
  4 rime drakes (D)
  A demonic crawler (D)
  A guardian mummy (D)
  4 efreet (D)
  A freezing wraith (D)
  A komodo dragon (D)
  A yaktaur (D)
  A troll (D)
  A jumping spider (D)
  A merfolk (D)
  A wind drake (D)
  Prince Ribbit (D)
  2 hippogriffs (D)
  2 snapping turtles (D)
  5 slime creatures (D)
  4 redbacks (D)
  2 shadows (D)
  6 air elementals (D)
  A vampire (D)
  3 tarantellas (D)
  2 wyverns (D)
  A water elemental (D)
  3 yaks (D)
  A golden eye (D)
  A steam dragon (D)
  5 acid dragons (D)
  Edmund (D)
  A water moccasin (D)
  Duvessa (D)
  2 hell hounds (D)
  3 swamp drakes (D)
  A porcupine (D)
  2 phantoms (D)
  5 necrophages (D)
  A centaur (D)
  2 ogres (D)
  A wolf (D)
  A crocodile (D)
  5 wights (D)
  A jelly (D)
  2 mummies (D)
  An ufetubus (D)
  2 oozes (D)
  2 adder zombies (D)
  2 adder skeletons (D)
  5 bat skeletons (D)
  A bat zombie (D)
  A ball python skeleton (D)
  A ball python zombie (D)
  A jackal skeleton (D)
  A leopard gecko skeleton (D)
  A quokka skeleton (D)
  A quokka zombie (D)
  A fire vortex (D)
183 creatures vanquished.

Vanquished Creatures (collateral kills)
  An emperor scorpion (D)
  An orb spider (D)
2 creatures vanquished.

Vanquished Creatures (others)
  A wind drake (D)
  An insubstantial wisp (D)
  Dowan (D)
  Terence (D)
4 creatures vanquished.

Grand Total: 189 creatures vanquished

Notes
Turn   | Place    | Note
-------+----------+-------------------------------------------
     0 | D        | Fang the Gargoyle Berserker began the quest for the Orb.
     0 | D        | Reached XP level 1. HP: 14/14 MP: 1/1
     0 | D        | Found a blossoming altar of Fedhas.
     1 | D        | Found the +6 Majin-Bo {vamp, Archmagi MP+6 Int+6}
     1 | D        | Found the +7 great mace "Firestarter" {inner flame, rF++}
     1 | D        | Found a transporter.
     1 | D        | Found a viscous altar of Jiyva.
     1 | D        | Found an ancient bone altar of Kikubaaqudgha.
     1 | D        | Found a hazy altar of Hepliaklqana.
     1 | D        | Found a corrupted altar of Lugonu.
     1 | D        | Found an opulent altar of Gozag.
     1 | D        | Found a burning altar of Makhleb.
    19 | D        | Found a stormy altar of Qazlal.
    19 | D        | Found an iron altar of Okawaru.
    19 | D        | Found a sacrificial altar of Ru.
    19 | D        | Found a sparkling altar of Nemelex Xobeh.
    19 | D        | Found a shimmering blue altar of Sif Muna.
    19 | D        | Found a bloodstained altar of Trog.
    26 | D        | Found the +9 heavy crossbow "Sniper" {velocity, Acc+∞ SInv}
    26 | D        | Found the +10 dark maul {crush}
    26 | D        | Found the +15 Maxwell's patent armour {-Cast -Tele rElec
                  | MR+ rCorr}
    26 | D        | Found the +18 shield of the Gong {rElec rN+ MR+ EV-5}
    26 | D        | Found the cursed +14 obsidian axe {chop, +Fly SInv *Curse}
    79 | D        | Entered arena 2.
    79 | D        | Noticed a yaktaur
    79 | D        | Noticed a centaur
    79 | D        | Found a transporter.
    84 | D        | Killed a yaktaur
    84 | D        | Reached skill level 5 in Dodging
    84 | D        | Reached XP level 2. HP: 24/24 MP: 2/2
    84 | D        | Reached XP level 3. HP: 28/28 MP: 3/3
    84 | D        | Reached XP level 4. HP: 34/34 MP: 4/4
    84 | D        | Reached XP level 5. HP: 38/38 MP: 5/5
    84 | D        | Reached XP level 6. HP: 44/44 MP: 6/6
   225 | D        | Entered arena 3.
   225 | D        | Noticed a freezing wraith
   225 | D        | Noticed an efreet
   225 | D        | Found a transporter.
   230 | D        | Killed a freezing wraith
   230 | D        | Reached ** piety under Trog
   230 | D        | Reached XP level 7. HP: 51/51 MP: 7/7
   232 | D        | Killed an efreet
   312 | D        | Entered arena 4.
   312 | D        | Noticed a tarantella
   312 | D        | Noticed a tarantella
   312 | D        | Noticed a tarantella
   312 | D        | Noticed a jumping spider
   312 | D        | Found a transporter.
   315 | D        | Killed a jumping spider
   315 | D        | Reached *** piety under Trog
   315 | D        | Reached skill level 10 in Fighting
   315 | D        | Reached XP level 8. HP: 57/57 MP: 8/8
   317 | D        | Killed a tarantella
   324 | D        | Killed a tarantella
   324 | D        | Reached skill level 10 in Armour
   327 | D        | Killed a tarantella
   417 | D        | Entered arena 5.
   417 | D        | Noticed a cyclops
   417 | D        | Noticed a troll
   417 | D        | Found a transporter.
   422 | D        | Reached **** piety under Trog
   422 | D        | Reached skill level 5 in Shields
   422 | D        | Reached XP level 9. HP: 64/64 MP: 9/9
   424 | D        | Killed a troll
   428 | D        | Killed a cyclops
   428 | D        | Reached skill level 10 in Axes
   431 | D        | Got the ring "Imeph" {rElec Int+2 Dex+6}
   464 | D        | Entered arena 6.
   464 | D        | Noticed a rime drake
   464 | D        | Noticed a rime drake
   464 | D        | Noticed a rime drake
   464 | D        | Found a transporter.
   468 | D        | Killed a rime drake
   473 | D        | Killed a rime drake
   473 | D        | Reached ***** piety under Trog
   476 | D        | Killed a rime drake
   558 | D        | Entered arena 7.
   559 | D        | Found a transporter.
   563 | D        | Received a gift from Trog
   565 | D        | Reached XP level 10. HP: 72/72 MP: 10/10
   581 | D        | Entered arena 8.
   581 | D        | Noticed a mummy priest
   581 | D        | Noticed a death scarab
   582 | D        | Found a transporter.
   591 | D        | Killed a mummy priest
   591 | D        | Noticed a soul eater
   592 | D        | Killed a death scarab
   595 | D        | Reached ****** piety under Trog
   595 | D        | Reached skill level 10 in Shields
   634 | D        | Got the amulet of Zin's Pride {Gourm MP+9 SInv}
   658 | D        | Entered arena 9.
   659 | D        | Found a transporter.
   664 | D        | Received a gift from Trog
   673 | D        | Entered arena 10.
   674 | D        | Found a transporter.
   678 | D        | Received a gift from Trog
   911 | D        | Entered arena 11.
   911 | D        | Noticed a purple draconian
   911 | D        | Noticed a red draconian
   911 | D        | Noticed a black draconian
   911 | D        | Noticed a yellow draconian
   911 | D        | Noticed a draconian
   911 | D        | Noticed a purple draconian
   911 | D        | Noticed a draconian
   911 | D        | Noticed a draconian
   911 | D        | Noticed a black draconian
   912 | D        | Identified the +1 hand axe of Action {chop, rElec Stlth+}
   912 | D        | Found a transporter.
   922 | D        | Killed a black draconian
   922 | D        | Received a gift from Trog
   922 | D        | Reached XP level 11. HP: 69/80 MP: 11/11
   924 | D        | Killed a purple draconian
   925 | D        | Killed a purple draconian
   926 | D        | Killed a black draconian
   926 | D        | Reached skill level 15 in Fighting
   926 | D        | Reached skill level 10 in Dodging
   927 | D        | Killed a yellow draconian
   927 | D        | Killed a draconian
   927 | D        | Killed a draconian
   929 | D        | Killed a draconian
   933 | D        | Killed a red draconian
   956 | D        | Got the ring of Toluot {rPois rF+ rN+ SInv}
  1098 | D        | Entered arena 12.
  1098 | D        | Noticed an orb spider
  1098 | D        | Noticed an emperor scorpion
  1098 | D        | Noticed a moth of wrath
  1098 | D        | Noticed a wolf spider
  1099 | D        | Noticed a wolf spider
  1103 | D        | Found a transporter.
  1105 | D        | Killed a moth of wrath
  1105 | D        | Reached XP level 12. HP: 88/88 MP: 12/12
  1106 | D        | Received a gift from Trog
  1135 | D        | Killed an emperor scorpion
  1255 | D        | Entered arena 13.
  1255 | D        | Noticed a hell hog
  1255 | D        | Noticed a hell hog
  1255 | D        | Noticed a fire giant
  1255 | D        | Noticed a fire giant
  1255 | D        | Noticed a fire dragon
  1256 | D        | Identified the cursed +2 great mace of Currency {crush, rN+
                  | MP+9 Int+9 Dex-2}
  1258 | D        | Found a transporter.
  1260 | D        | Killed a hell hog
  1262 | D        | Killed a hell hog
  1262 | D        | Received a gift from Trog
  1263 | D        | Killed a fire giant
  1265 | D        | Killed a fire giant
  1265 | D        | Reached skill level 15 in Shields
  1272 | D        | Killed a fire dragon
  1272 | D        | Reached skill level 15 in Axes
  1479 | D        | Entered arena 14.
  1480 | D        | Noticed Nikola
  1480 | D        | Noticed Pikel
  1480 | D        | Noticed Frances
  1480 | D        | Noticed Dowan
  1480 | D        | Noticed Duvessa
  1480 | D        | Noticed Urug
  1480 | D        | Noticed Donald
  1480 | D        | Noticed Edmund
  1480 | D        | Noticed Rupert
  1480 | D        | Noticed Prince Ribbit
  1481 | D        | Identified the +11 great mace "Iwnuhen" {flame, Dex+3}
  1481 | D        | Noticed Maurice
  1481 | D        | Noticed Terence
  1482 | D        | Found the +7 sceptre of Torment {pain, torment}
  1482 | D        | Found a transporter.
  1484 | D        | Killed Pikel
  1484 | D        | Received a gift from Trog
  1484 | D        | Killed Duvessa
  1485 | D        | Killed Prince Ribbit
  1487 | D        | Killed Dowan
  1487 | D        | Killed Terence
  1489 | D        | Killed Frances
  1489 | D        | Reached XP level 13. HP: 97/97 MP: 13/13
  1490 | D        | Killed Nikola
  1490 | D        | Received a gift from Trog
  1491 | D        | Killed Edmund
  1495 | D        | Killed Rupert
  1502 | D        | Killed Donald
  1504 | D        | Killed Maurice
  1504 | D        | Received a gift from Trog
  1507 | D        | Killed Urug
  1569 | D        | Entered arena 15.
  1579 | D        | Received a gift from Trog
  1579 | D        | Reached skill level 15 in Armour
  1589 | D        | Found a transporter.
  1661 | D        | Entered arena 16.
  1662 | D        | Noticed an acid blob
  1663 | D        | Found the +8 whip "Snakebite" {curare, rPois}
  1663 | D        | Noticed an azure jelly
  1665 | D        | Found a transporter.
  1668 | D        | Gained mutation: You are frail. (-10% HP) [a shining eye]
  1669 | D        | Received a gift from Trog
  1670 | D        | Killed an acid blob
  1675 | D        | Killed an azure jelly
  1676 | D        | Received a gift from Trog
  1698 | D        | Got the +1 pair of gloves "Tywkogoi" {Regen+ MP+9}
  1704 | D        | Gained mutation: Your large and strong wings let you fly
                  | indefinitely. [Gargoyle growth]
  1704 | D        | Reached XP level 14. HP: 95/95 MP: 14/14
  1789 | D        | Entered arena 17.
  1792 | D        | Noticed a lich
  1793 | D        | Identified the +6 hunting sling of the Shallot {velocity,
                  | rElec rPois Stlth+}
  1802 | D        | Received a gift from Trog
  1807 | D        | Received a gift from Trog
  1807 | D        | Killed a lich
  1807 | D        | Reached XP level 15. HP: 100/100 MP: 15/15
  1814 | D        | Received a gift from Trog
  1815 | D        | Found a transporter.
  1860 | D        | Got the ring "Ofimey" {rF+ Str+5 Int+2}
  1870 | D        | Got the +2 hat of Woobbaj {Dex+4}
  1881 | D        | Entered arena 18.
  1886 | D        | Identified the +1 robe of the Loofah {SInv}
  1889 | D        | Noticed a ghoul
  1890 | D        | Identified the +6 quarterstaff "Dosaj" {freeze, MR+ MP-9
                  | Stlth+}
  1895 | D        | Received a gift from Trog
  1897 | D        | Received a gift from Trog
  1904 | D        | Received a gift from Trog
  1911 | D        | Killed a ghoul
  1914 | D        | Received a gift from Trog
  1943 | D        | Found a transporter.
  2003 | D        | Entered arena 19.
  2009 | D        | Found a transporter.
  2022 | D        | Received a gift from Trog
  2030 | D        | Received a gift from Trog
  2057 | D        | Got the cursed ring "Xopikk" {AC-6 Str-2 Int+2 Slay+3}
  2059 | D        | Got the ring "Fiseniot" {rN+ Str+2}
  2061 | D        | Got the amulet "Ginol" {Harm *Drain rElec Dex+7}
  2099 | D        | Entered arena 20.
  2112 | D        | Received a gift from Trog
  2121 | D        | Received a gift from Trog
  2142 | D        | Received a gift from Trog
  2152 | D        | Found a transporter.
  2163 | D        | Received a gift from Trog
  2177 | D        | Reached XP level 16. HP: 63/110 MP: 16/16
  2236 | D        | Got the ring of Icvacve {*Slow rF+ Int+4 Slay+2}
  2292 | D        | Entered arena 21.
  2296 | D        | Noticed Reer Ypes the pandemonium lord
  2296 | D        | Noticed Becemip the pandemonium lord
  2296 | D        | Noticed an Executioner
  2296 | D        | Noticed Jeirog the pandemonium lord
  2296 | D        | Noticed Rocewk the pandemonium lord
  2296 | D        | Noticed Zyne the pandemonium lord
  2296 | D        | Noticed Duyn the pandemonium lord
  2296 | D        | Noticed Mukya the pandemonium lord
  2297 | D        | Noticed Rioss the pandemonium lord
  2297 | D        | Noticed Gibefiaxt the pandemonium lord
  2297 | D        | Noticed Oretzu the pandemonium lord
  2297 | D        | Noticed Rayrudeng the pandemonium lord
  2298 | D        | Noticed Heishrub the pandemonium lord
  2298 | D        | Noticed Nuphoq the pandemonium lord
  2298 | D        | Noticed Quxes the pandemonium lord
  2313 | D        | Killed Becemip the pandemonium lord
  2316 | D        | HP: 6/166 [Mukya the pandemonium lord (5)]
  2317 | D        | Mangled by Gibefiaxt the pandemonium lord

Levels and vault maps discovered:
D:        sprint_v [room_start, room_1, room_2, room_3, room_4, room_5, room_6,
          room_7, room_8, room_9, room_10, room_11, room_12, room_13, room_14,
          room_15, room_16, room_17, room_18, room_19, room_20, room_21,
          room_22, room_23, room_24, room_25, room_26, room_27]

Skill      XL: |  1  2  3  4  5  6  7  8  9 10 11 12 13 14 15 16 |
---------------+-------------------------------------------------+-----
Fighting       | 7 9 10 11 12 14 15 17 19 22 | 22.7
Axes           | 6 7 8 9 10 12 13 15 16 17 19 | 19.8
Armour         | 6 8 9 10 11 12 13 14 15 17 | 17.8
Dodging        | 5 6 7 8 9 10 11 12 13 14 | 14.2
Shields        | 2 5 8 11 13 15 17 18 20 22 | 22.1

Action                   |  1- 3 |  4- 6 |  7- 9 | 10-12 | 13-15 | 16-18 || total
-------------------------+-------+-------+-------+-------+-------+-------++-------
Melee: Broad axe         |     2 |     3 |    35 |   110 |   185 |    18 ||   353
Invok: Berserk           |     1 |     1 |     3 |     6 |     6 |     1 ||    18
       Trog's Hand       |       |       |       |     1 |       |       ||     1
       Brothers in Arms  |       |       |       |     1 |       |       ||     1
 Abil: Fly               |       |       |       |       |     1 |       ||     1
  Use: Scroll            |       |       |     1 |     1 |       |       ||     2
       Potion            |       |       |       |       |     2 |       ||     2
 Stab: Confused          |       |       |     2 |       |       |       ||     2
  Eat: Chunk             |       |       |     4 |    18 |     7 |     2 ||    31
Armor: Plate armour      |       |     2 |    12 |    87 |    70 |    16 ||   187
Dodge: Dodged            |       |     1 |     2 |    27 |    41 |     6 ||    77
       Deflected         |       |       |       |     4 |    10 |       ||    14
Block: Shield            |     8 |     6 |    53 |   222 |   239 |    51 ||   579
